 Dungeon Crawl Stone Soup version 0.31.0-11-ge490571c62 (webtiles) character file.

Game seed: 3998005094572173658

2391 SPORTSBETTER the Cleaver (level 9, -2/82 HPs)
             Began as a Minotaur Berserker on Jan 27, 2024.
             Was a Priest of Trog.
             Slain by a kobold brigand
             ... wielding a +0 short sword
              (4 damage)
             ... on level 6 of the Dungeon.
             The game lasted 00:05:20 (5639 turns).

SPORTSBETTER the Cleaver (Minotaur Berserker)       Turns: 5639, Time: 00:05:20

Health: -2/82      AC: 15    Str: 25    XL:     9   Next: 22%
Magic:  17/17      EV:  8    Int:  4    God:    Trog [***...]
Gold:   425        SH:  4    Dex: 11    Spells: 8/8 levels left

rFire   . . .        D - +0 war axe
rCold   . . .        r - +0 buckler
rNeg    . . .        s - +0 plate armour
rPois   .            (helmet restricted)
rElec   .            (no cloak)
rCorr   .            (no gloves)
SInv    .            m - +1 pair of boots
Will    .....        x - amulet of faith Stlth
                     v - ring of magical power
HPRegen 0.33/turn    (no ring)
MPRegen 0.15/turn

%: faith
@: lethally poisoned (-2 -> -14), on berserk cooldown, slowed, very slow
A: horns 2, retaliatory headbutt
a: Renounce Religion, Berserk, Trog's Hand


You were on level 6 of the Dungeon.
You worshipped Trog.
Trog was most pleased with you.
You visited 1 branch of the dungeon, and saw 6 of its levels.

You collected 425 gold pieces.

Inventory:

Hand Weapons
 D - a +0 war axe (weapon)
Missiles
 b - a throwing net (quivered)
Armour
 m - a +1 pair of boots (worn)
 r - a +0 buckler (worn)
 s - a +0 plate armour (worn)
Jewellery
 h - a +6 ring of dexterity
 v - a ring of magical power (left hand)
 w - a +4 ring of protection
 x - an amulet of faith (around neck)
Wands
 a - a wand of paralysis (11)
 z - a wand of acid (7)
Scrolls
 c - a scroll of teleportation
 d - 2 scrolls of fog {unknown}
 g - a scroll of enchant weapon
 i - a scroll of revelation
 o - 3 scrolls of immolation {unknown}
 t - a scroll of brand weapon {unknown}
 y - a scroll of poison {unknown}
 B - a scroll of noise {unknown}
 E - 3 scrolls of identify
Potions
 e - 2 potions of mutation
 f - 2 potions of enlightenment
 j - 3 potions of brilliance {unknown}
 k - 3 potions of invisibility {unknown}
 l - a potion of cancellation {unknown}
 n - 4 potions of curing {unknown}
 p - a potion of lignification {unknown}
 q - a potion of degeneration {unknown}
 u - a potion of resistance {unknown}
 A - a potion of heal wounds {unknown}
 C - a potion of attraction {unknown}


   Skills:
 * Level 8.7 Fighting
 * Level 8.7 Axes
 * Level 7.0 Armour
 + Level 5.1 Dodging
 + Level 3.2 Shields
 + Level 2.3 Evocations


You had 8 spell levels left.
You didn't know any spells.
Your spell library was empty.

Dungeon Overview and Level Annotations

Branches:
Dungeon (6/15)             Temple (0/1) D:6

Altars:
Dithmenos
Elyvilon
Gozag
Hepliaklqana
Trog
Vehumet


Innate Abilities, Weirdness & Mutations

You have a pair of horns on your head.
You reflexively headbutt those who attack you in melee.


Message History

* * * LOW HITPOINT WARNING * * *
The kobold brigand hits you but does no damage. x2
You hit the kobold brigand.
Your headbutt misses the kobold brigand.
The kobold brigand is moderately wounded.
You slash the kobold brigand! You completely miss the kobold brigand.
You barely miss the kobold brigand. You hit the kobold brigand.
* * * LOW HITPOINT WARNING * * *
You feel extremely sick. The kobold brigand barely misses you.
The kobold brigand zaps a wand.
You easily resist.
The kobold brigand hits you but does no damage.
The kobold brigand hits you with a +0 short sword.
* * * LOW HITPOINT WARNING * * *
The kobold brigand hits you but does no damage.
The kobold brigand completely misses you.
The kobold brigand hits you but does no damage.
You are more poisoned.
The kobold brigand hits you with a +0 dagger.
* * * LOW HITPOINT WARNING * * *
The kobold brigand hits you but does no damage.
Okay, then.
Okay, then.
You slash the kobold brigand!
The kobold brigand is severely wounded.
You hit the kobold brigand.
You kill the kobold brigand!
Trog accepts your kill.
You hear a splash. x2
You hit the kobold brigand. You slash the kobold brigand!
You closely miss the kobold brigand.
* * * LOW HITPOINT WARNING * * *
You feel extremely sick. The kobold brigand barely misses you.
You furiously retaliate!
You headbutt the kobold brigand.
The kobold brigand hits you with a +0 whip.
* * * LOW HITPOINT WARNING * * *
You block the kobold brigand's attack.
The kobold brigand hits you with a +0 short sword.
You die...

#.))..........##.# #.#
.)............##.# #.#
####..........[#.### #.#
#........>.....#...# #.#
#.....###'###..#.#.##### #.#
.....##.....##.........# #.#
......#.⌠.⌠.#..##'''##.# #.#
.#+##.+..>..+.##KK...### #.#
##)..##.⌠.⌠.#.#)@#K#.~######.#
.#.#.##.....#.#KK#.#.⌠#..[...#
.#'#.####+###.#))#.#.~########
...#.####.#...##.....##..#
.###......#...###..(####.#
.'.###....'...######## #.#
##.###.#.##...##.#.#.# #.#
.....#.#.........#...# #.#
.###.#.####.####.#.#####.#


You could see 4 kobold brigands.

Vanquished Creatures
  The ghost of Daunt the Digger, a novice GnEE (D:6)
  A kobold demonologist (D:6)
  A steam dragon (D:6)
  A water moccasin (D:6)
  The ghost of zewo the Magician, an amateur DjEE (D:3)
  A phantom (D:4)
  6 kobold brigands (D:6)
  A bullfrog (D:6)
  3 scorpions
  A wight (D:3)
  2 water moccasin skeletons (D:3)
  A howler monkey (D:6)
  A bullfrog zombie (D:3)
  A bombardier beetle (D:4)
  2 jellies
  3 hounds
  An orc priest (D:6)
  A sleepcap (D:6)
  A centaur skeleton (D:3)
  A gnoll bouda (D:4)
  4 iguanas
  An orc wizard (D:6)
  Natasha (D:3)
  8 gnolls
  4 adders
  2 white imps
  4 ufetubi
  2 dart slugs (D:3)
  10 orcs
  5 endoplasms
  6 giant cockroaches
  4 hobgoblins
  3 jackals (D:5)
  5 ball pythons
  5 bats
  3 frilled lizards
  3 goblins
  3 kobolds
  7 rats
111 creatures vanquished.

Vanquished Creatures (others)
  An adder (D:6)
1 creature vanquished.

Grand Total: 112 creatures vanquished

Notes
Turn   | Place    | Note
-------+----------+-------------------------------------------
     0 | D:1      | SPORTSBETTER the Minotaur Berserker began the quest for the
                  | Orb.
     0 | D:1      | Reached XP level 1. HP: 19/19 MP: 0/0
   275 | D:1      | Reached XP level 2. HP: 25/27 MP: 1/1
   565 | D:1      | Found a faded altar of an unknown god.
   834 | D:2      | Reached XP level 3. HP: 15/34 MP: 2/2
  1314 | D:3      | Reached XP level 4. HP: 37/41 MP: 3/3
  1388 | D:3      | Found a transporter.
  1391 | D:3      | Noticed zewo's ghost (amateur DjEE)
  1422 | D:3      | Reached skill level 5 in Fighting
  1422 | D:3      | Reached skill level 5 in Axes
  1595 | D:3      | Found a transporter.
  1637 | D:3      | Reached XP level 5. HP: 48/48 MP: 4/4
  1641 | D:3      | Killed zewo's ghost
  1641 | D:3      | Reached ** piety under Trog
  1645 | D:3      | Reached XP level 6. HP: 57/57 MP: 5/5
  2058 | D:3      | Noticed Natasha
  2064 | D:3      | Killed Natasha
  2703 | D:4      | Reached XP level 7. HP: 53/64 MP: 6/6
  3105 | D:5      | Entered Level 5 of the Dungeon
  3236 | D:5      | Found a radiant altar of Vehumet.
  3240 | D:5      | Found a shadowy altar of Dithmenos.
  3451 | D:5      | Found a white marble altar of Elyvilon.
  3451 | D:5      | Found a hazy altar of Hepliaklqana.
  3469 | D:5      | Found a bloodstained altar of Trog.
  3697 | D:5      | Found an opulent altar of Gozag.
  4217 | D:6      | Reached skill level 5 in Armour
  4393 | D:6      | Reached skill level 1 in Shields
  4393 | D:6      | Reached XP level 8. HP: 70/73 MP: 7/7
  4407 | D:6      | Reached *** piety under Trog
  4501 | D:6      | Reached skill level 1 in Evocations
  4714 | D:6      | Found a runed translucent gate.
  4714 | D:6      | Found a runed translucent gate.
  4714 | D:6      | Found a runed translucent gate.
  4715 | D:6      | Noticed Daunt's ghost (novice GnEE)
  4715 | D:6      | Noticed a kobold demonologist
  4737 | D:6      | Found a staircase to the Ecumenical Temple.
  5625 | D:6      | Killed a kobold demonologist
  5626 | D:6      | Reached skill level 5 in Dodging
  5626 | D:6      | Reached XP level 9. HP: 82/82 MP: 8/8
  5629 | D:6      | Killed Daunt's ghost
  5632 | D:6      | Paralysed by a kobold brigand for 4 turns
  5639 | D:6      | HP: 3/82 [poisoned by a kobold brigand]
  5639 | D:6      | Slain by a kobold brigand

Illustrated notes

Levels and vault maps discovered:
D:1:      minmay_arrival_semitransparent, layout_basic,
          chequers_ecumenical_altar_island, minivault_26
D:2:      layout_rooms
D:3:      minmay_angry_zag, layout_loops_ring, gammafunk_ghost_mausoleum,
          fountainhead, chequers_serial_rivers_micro_d, grunt_ministairs_14,
          uniq_natasha
D:4:      layout_cave_pools, dk_noncrumbling_4, minmay_misc_feat_tiny
D:5:      layout_cave_pods, mainiacjoe_overflow_surrounded_room,
          lightli_temple_of_fire, grunt_temple_overflow_open,
          dreamdust_wishing_well, grunt_ministairs_6
D:6:      nicolae_cairo_tiling_large, layout_basic, minmay_temple_entry_hall,
          gammafunk_ghost_nasty_kobolds, grunt_ministairs_6

Skill      XL: |  1  2  3  4  5  6  7  8  9 |
---------------+----------------------------+-----
Fighting       | 4 5 6 7 8 |  8.7
Axes           | 4 5 6 7 8 |  8.7
Armour         | 3 4 5 6 7 |  7.0
Dodging        | 3 4 5 |  5.1
Shields        | 1 2 3 |  3.2
Evocations     | 2 |  2.3

Action                     |  1- 3 |  4- 6 |  7- 9 || total
---------------------------+-------+-------+-------++-------
  Melee: Hand axe          |    74 |    70 |   109 ||   253
         Headbutt          |     8 |    11 |    39 ||    58
         Punch             |       |       |     1 ||     1
         War axe           |       |       |    49 ||    49
 Invoke: Berserk           |     2 |     2 |     1 ||     5
         Trog's Hand       |       |       |     1 ||     1
    Use: Scroll            |       |     2 |     3 ||     5
 Armour: Animal skin       |    36 |       |       ||    36
         Scale mail        |     4 |    10 |       ||    14
         Plate armour      |       |    64 |   185 ||   249
  Dodge: Dodged            |    56 |    36 |    75 ||   167
  Block: Buckler           |       |       |    21 ||    21
